 Dungeon Crawl Stone Soup version 0.28-a0-1128-gb845255321 (webtiles) character file.

Game seed: 2732114015644874527

30398 BinkBink the Fencer (level 13, -14/119 HPs)
             Began as a Minotaur Monk on Dec 12, 2021.
             Was a Plaything of Xom.
             Demolished by a minotaur (34 damage)
             ... in a Gauntlet.
             The game lasted 00:35:53 (18037 turns).

BinkBink the Fencer (Minotaur Monk)                Turns: 18037, Time: 00:35:54

Health: -14/119    AC: 12    Str: 16    XL:     13   Next: 20%
Magic:  12/12      EV: 20    Int: 12    God:    Xom [..*...]
Gold:   1439       SH:  5    Dex: 24    Spells: 12/12 levels left

rFire   . . .      SeeInvis .   u - +7 great sword of Pysub {chaos, rElec}
rCold   . . .      Faith    .   (shield currently unavailable)
rNeg    + . .      Spirit   .   v - +2 leather armour {rPois}
rPois   +          Reflect  +   A - +2 hat of Entitlement {Int+4}
rElec   +          Harm     .   T - +2 cloak {Stlth+}
rCorr   .          Rampage  .   (no gloves)
Will    .....      NoTele   +   (no boots)
Stlth   +++.......              U - amulet of Dampuowk {Reflect MP+9 SH+5}
HPRegen 0.29/turn               W - +6 ring of dexterity
MPRegen 0.13/turn               G - ring "Yrpharin" {Fly rN+ MP-9 Int+3 Slay+2}

@: lethally poisoned (-14 -> -49), flying, hasted, unable to read, very quick
A: horns 2, retaliatory headbutt, iridescent scales 1, agile 1, deformed body,
dopey 1, sense surroundings 1, weak 1, inability to read while threatened
a: Renounce Religion


You were in a Gauntlet.
You worshipped Xom.
You were a toy of Xom.
You visited 2 branches of the dungeon, and saw 17 of its levels.
You visited the Abyss 1 time.
You also visited: Bailey and Gauntlet.

You collected 1439 gold pieces.

Inventory:

Hand Weapons
 a - a +0 falchion
 u - the +7 great sword of Pysub (weapon) {chaos, rElec}
   (Xom gifted it to you on level 4 of the Dungeon)

   Each time it hits an enemy it has a different, random effect.
   rElec:     It insulates you from electricity.
 Y - the +6 falchion "Rysolar" {drain, Will+ Str+2}
   (You found it on level 13 of the Dungeon)

   A truly terrible weapon, it drains the life of any living foe it strikes.
   Str:       It affects your strength (+2).
   Will:      It increases your willpower.
Armour
 v - a +2 leather armour of poison resistance (worn)
 A - the +2 hat of Entitlement (worn) {Int+4}
   (You found it on level 7 of the Dungeon)

   Int:       It affects your intelligence (+4).
 F - a +1 plate armour of cold resistance
 N - a +0 troll leather armour
 T - a +2 cloak of stealth (worn)
Jewellery
 i - a ring of wizardry
 G - the ring "Yrpharin" (right hand) {Fly rN+ MP-9 Int+3 Slay+2}
   (You found it in a Gauntlet)

   [ring of flight]

   Int:       It affects your intelligence (+3).
   Slay:      It affects your accuracy & damage with ranged weapons and melee
   (+2).
   rN:        It protects you from negative energy.
   MP:        It affects your magic capacity (-9).
   Fly:       It grants you flight.
 M - a ring of protection from cold
 Q - a ring of protection from cold
 U - the amulet of Dampuowk (around neck) {Reflect MP+9 SH+5}
   (You found it in a bailey)

   [amulet of reflection]

   It reflects blocked missile attacks.
   MP:        It affects your magic capacity (+9).
   SH:        It affects your SH (+5).
 W - a +6 ring of dexterity (left hand)
Wands
 p - a wand of charming (10)
 r - a wand of digging (8)
 t - a wand of flame (23)
 C - a wand of iceblast (10)
 K - a wand of acid (6)
 L - a wand of paralysis (12)
 R - a wand of polymorph (3)
Scrolls
 c - 7 scrolls of fear
 d - a scroll of noise
 e - a scroll of acquirement {unknown}
 m - a scroll of blinking {unknown}
 q - a scroll of summoning {unknown}
 s - a scroll of fog {unknown}
 y - a scroll of torment
 E - 2 scrolls of amnesia
 H - 4 scrolls of teleportation
 I - 2 scrolls of enchant armour
 O - 3 scrolls of magic mapping
 S - a scroll of enchant weapon {unknown}
Potions
 b - 3 potions of cancellation {unknown}
 f - 2 potions of brilliance {unknown}
 g - 3 potions of ambrosia
 j - 4 potions of attraction
 l - 5 potions of curing
 n - 3 potions of might {unknown}
 o - 3 potions of flight {unknown}
 w - 4 potions of heal wounds
 x - 2 potions of berserk rage {unknown}
 z - 3 potions of lignification
 B - a potion of degeneration {unknown}
 J - a potion of magic {unknown}
Miscellaneous
 D - a box of beasts
 P - a phial of floods
 X - a tin of tremorstones (2/2)


   Skills:
 + Level 12.3 Fighting
 + Level 18.5 Long Blades
 * Level 12.2 Armour
 + Level 9.6 Dodging
 - Level 1.5 Stealth
 - Level 0.8 Shields
 + Level 1.3 Evocations


You had 12 spell levels left.
You didn't know any spells.
Your spell library contained the following spells:

 Spells                   Type           Power      Damage    Failure   Level
 Shock                    Conj/Air       0%         1d3       36%         1
 Frozen Ramparts          Ice            0%         1d2       75%         3
 Inner Flame              Hex/Fire       0%         N/A       75%         3
 Swiftness                Air            0%         N/A       75%         3
 Tukima's Dance           Hex            0%         N/A       75%         3
 Airstrike                Air            0%         N/A       98%         4
 Cause Fear               Hex            0%         N/A       98%         4
 Ice Form                 Ice/Tmut       0%         N/A       98%         4
 Leda's Liquefaction      Hex/Erth       0%         N/A       98%         4
 Passage of Golubria      Tloc           0%         N/A       98%         4
 Summon Ice Beast         Ice/Summ       0%         N/A       98%         4
 Iskenderun's Battlesphe  Conj           0%         2d6       100%        5
 Lee's Rapid Deconstruct  Erth           0%         3d5*      100%        5
 Yara's Violent Unravell  Hex/Tmut       0%         3d3       100%        5
 Iron Shot                Conj/Erth      0%         9d1       100%        6
 Statue Form              Tmut/Erth      0%         N/A       100%        6
 Spellforged Servitor     Conj/Summ      0%         N/A       100%        7
 Discord                  Hex            0%         N/A       100%        8


Dungeon Overview and Level Annotations

Branches:
Dungeon (15/15)            Temple (0/1) D:5            Lair (0/6) D:11
    Orc (2/2) D:10         Vaults (0/5) D:14         Bailey (visited)
Gauntlet (1/1)
    Elf: Orc:2       Depths: D:15

Altars:
Ashenzari
Cheibriados
Fedhas
Gozag
Kikubaaqudgha
Okawaru
Uskayaw
Vehumet
Xom
Yredelemnul
Zin
The Shining One
Jiyva

Shops:
D:2 (   D:3 *   D:7 =   D:14 :   Orc:2 [

Annotations:
D:8 3 runed translucent doors, Gargoyl's ghost, novice GnAK
D:11 1 runed translucent door, Gilette's ghost, journeyman GrFi Gauntlet 6 transporters, 3 runed translucent doors


Innate Abilities, Weirdness & Mutations

You have a pair of horns on your head.
You reflexively headbutt those who attack you in melee.
You are partially covered in iridescent scales. (AC +2)
You are agile. (Dex +2)
Armour fits poorly on your strangely shaped body.
You are dopey. (Int -2)
You passively map a small area around you.
You are weak. (Str -2)
You sometimes lose the ability to read scrolls when taking damage.


Message History

A minotaur comes into view.
It is wielding the +9 halberd of Taacy {venom, rC+}, wearing the ring of Raliqivu {Contam Fly Str+6 Int-5 SInv} and quivering silver javelins.
Found a weird jewelled staff.
Found a gate leading back out of this place.
You hit the minotaur but do no damage. You headbutt the minotaur.
The minotaur is lightly wounded.
The minotaur hits you with the +9 halberd of Taacy {venom, rC+}!
The minotaur closely misses you.
You hit the minotaur.
The minotaur appears confused.
The minotaur is lightly wounded.
The minotaur completely misses you. The minotaur closely misses you.
You hit the minotaur but do no damage.
The minotaur goes berserk!
The minotaur is lightly wounded.
The minotaur barely misses you. You furiously retaliate!
You headbutt the minotaur, but do no damage.
The minotaur gores you!
You slash the minotaur!
The minotaur resists with almost no effort.
The minotaur is lightly wounded.
The minotaur hits you with the +9 halberd of Taacy {venom, rC+}!
You feel threatened and lose the ability to read scrolls!
The minotaur gores you.
You hit the minotaur but do no damage.
You headbutt the minotaur, but do no damage.
The minotaur is lightly wounded.
The minotaur misses you.
You can read scrolls again.
The minotaur hits you from afar with the +9 halberd of Taacy {venom, rC+}!!
You feel threatened and lose the ability to read scrolls!
You are poisoned.
You feel extremely sick.
You feel extremely sick.
The minotaur hits you from afar with the +9 halberd of Taacy {venom, rC+}!
* * * LOW HITPOINT WARNING * * *
You are lethally poisoned!
You feel yourself speed up.
* * * LOW HITPOINT WARNING * * *
You feel extremely sick.
The minotaur hits you from afar with the +9 halberd of Taacy {venom, rC+}!!
You die...
Xom laughs nastily!

#############
#...........#
#.########..#
##.#..@....#.##
#..#H#####.#..#
#.##.#8.8####.#
#.#..# ∩.#, #.#
#.#.## .8# #.#
#.#.###.###.#.#
#.#.........#.#
#.###########.#
#...........#.#


You could see a minotaur (berserk).

Vanquished Creatures
  An emperor scorpion (shapeshifter) (Gauntlet)
  An ironbound preserver (D:14)
  A hydra (D:14)
  Harold (D:8)
  Erolcha (D:10)
  4 centaur warriors
  5 two-headed ogres
  A tengu warrior (D:14)
  A lindwurm (shapeshifter) (Gauntlet)
  2 wizards (D:14)
  A deep elf pyromancer (D:14)
  A necromancer (Gauntlet)
  5 ugly things
  An orc knight (Orc:1)
  2 cyclopes
  Maurice (D:8)
  An unseen horror (D:10)
  Psyche (D:10)
  5 yaktaurs (D:15)
  A tengu conjurer (D:15)
  8 trolls
  A meliai (D:14)
  A hornet (shapeshifter) (Gauntlet)
  Grinder (D:4)
  5 slime creatures (D:14)
  A wraith (D:12)
  A water elemental (D:14)
  A shadow (D:10)
  A yak (D:9)
  3 vampires
  A wyvern (D:9)
  2 steam dragons (D:7)
  9 vampire mosquitoes
  Menkaure (D:5)
  Edmund (D:4)
  An acid dragon (shapeshifter) (Gauntlet)
  2 acid dragons (D:11)
  A water moccasin (D:6)
  2 hornet zombies
  An ice beast (D:7)
  3 sky beasts
  6 orc warriors
  A black bear (D:6)
  5 wolves (Gauntlet)
  7 ogres
  A necrophage (D:6)
  5 centaurs
  A phantom (D:5)
  4 kobold brigands
  2 bullfrogs (D:7)
  3 gnoll sergeants
  A wyvern zombie (D:7)
  3 scorpions
  2 water moccasin skeletons
  Dowan (D:4)
  22 killer bees
  5 wights (D:6)
  A howler monkey (D:9)
  2 electric eels (D:14)
  2 centaur zombies
  2 jellies (D:4)
  3 hounds (D:4)
  A bullfrog skeleton (D:6)
  8 orc priests
  Terence (D:3)
  4 iguanas
  Ijyb (D:4)
  15 orc wizards
  Robin (D:3)
  16 gnolls
  A howler monkey skeleton (D:6)
  2 howler monkey zombies
  7 adders
  4 shadow imps
  2 white imps
  An ufetubus (D:6)
  An adder zombie (D:3)
  3 worms
  A worm (shapeshifter) (Gauntlet)
  3 dart slugs
  58 orcs
  4 bats
  6 endoplasms
  3 giant cockroaches
  17 goblins
  7 hobgoblins
  9 jackals
  2 quokkas
  8 ball pythons
  4 frilled lizards
  A goblin skeleton (D:6)
  3 hobgoblin zombies (D:6)
  24 kobolds
  4 kobold zombies (D:6)
  An orc skeleton (D:6)
  3 orc zombies (D:6)
  3 rats
392 creatures vanquished.

Vanquished Creatures (collateral kills)
  A tengu conjurer (D:14)
  A merfolk (D:10)
  2 orc warriors
  2 killer bees (D:10)
  An orc (Bailey)
  An endoplasm (D:4)
8 creatures vanquished.

Vanquished Creatures (others)
  A dancing weapon (Orc:1)
  A demonic plant (Gauntlet)
  2 withered plants (D:11)
4 creatures vanquished.

Grand Total: 404 creatures vanquished

Notes
Turn   | Place    | Note
-------+----------+-------------------------------------------
     0 | D:1      | BinkBink the Minotaur Monk began the quest for the Orb.
     0 | D:1      | Reached XP level 1. HP: 19/19 MP: 0/0
   347 | D:1      | Reached XP level 2. HP: 20/27 MP: 1/1
   562 | D:1      | Reached skill level 1 in Armour
   611 | D:1      | Reached skill level 4 in Long Blades
   941 | D:2      | Found a broken altar of Ashenzari.
   966 | D:2      | Reached XP level 3. HP: 31/33 MP: 2/2
   981 | D:2      | Found a faded altar of an unknown god.
   990 | D:2      | Prayed at the altar of an unknown god.
   990 | D:2      | Became a worshipper of Xom of Chaos
  1353 | D:2      | Reached XP level 4. HP: 28/40 MP: 3/3
  1371 | D:2      | XOM: silly message
  1393 | D:2      | XOM: silly message
  1484 | D:2      | Found Nydeih's Antique Weapon Boutique.
  1646 | D:3      | XOM: cloud trail
  1775 | D:3      | Noticed Terence
  1786 | D:3      | Killed Terence
  1787 | D:3      | Reached skill level 5 in Long Blades
  1952 | D:3      | XOM: god gift: 26 stones
  2079 | D:3      | Found an opulent altar of Gozag.
  2082 | D:3      | Found Gozag's Platinum Reserve.
  2444 | D:3      | XOM: cast spell 'Dispersal'
  2452 | D:3      | Reached XP level 5. HP: 38/47 MP: 4/4
  2494 | D:3      | XOM: cloud trail
  2512 | D:3      | XOM: silly message
  2576 | D:3      | Noticed Robin
  2587 | D:3      | XOM: silly message
  2599 | D:3      | Killed Robin
  2686 | D:3      | XOM: divination: detect items
  2721 | D:4      | Found a basalt altar of Yredelemnul.
  2748 | D:4      | XOM: silly message
  3098 | D:4      | XOM: scenery: 2 doors close
  3145 | D:4      | Found a blossoming altar of Fedhas.
  3165 | D:4      | Noticed Edmund
  3168 | D:4      | XOM: summons 5 friendly demons
  3185 | D:4      | Killed Edmund
  3186 | D:4      | Reached skill level 5 in Fighting
  3186 | D:4      | Reached skill level 6 in Long Blades
  3186 | D:4      | Reached XP level 6. HP: 24/56 MP: 5/5
  3308 | D:4      | XOM: god gift: scroll labelled GAUTOUBAPA {god gift}
  3407 | D:4      | Found a broken altar of Ashenzari.
  3636 | D:4      | XOM: scenery: 2 doors close
  3850 | D:4      | XOM: 1-stop teleportation journey
  3892 | D:4      | Noticed Duvessa
  3975 | D:4      | Found a radiant altar of Vehumet.
  3990 | D:4      | Noticed Dowan
  4009 | D:4      | Killed Dowan
  4238 | D:4      | Noticed Ijyb
  4251 | D:4      | Killed Ijyb
  4252 | D:4      | Reached XP level 7. HP: 61/61 MP: 6/6
  4428 | D:4      | Noticed Duvessa
  4428 | D:4      | Duvessa changed into Duvessa the hound
  4428 | D:4      | XOM: polymorph Duvessa -> Duvessa the hound
  4437 | D:4      | Killed Duvessa the hound
  4438 | D:4      | Reached skill level 7 in Long Blades
  4458 | D:4      | XOM: god gift: crystal great sword {god gift}
  4458 | D:4      | Identified the +7 great sword of Pysub {chaos, rElec} (Xom
                  | gifted it to you on level 4 of the Dungeon)
  4906 | D:4      | Noticed Grinder
  4910 | D:4      | Paralysed by Grinder for 2 turns
  4920 | D:4      | Killed Grinder
  4921 | D:4      | Reached skill level 5 in Dodging
  4966 | D:4      | XOM: god gift: dyed leather armour {god gift}
  5045 | D:5      | Entered Level 5 of the Dungeon
  5051 | D:5      | Noticed a +0 spear
  5051 | D:5      | Noticed a +0 short sword
  5051 | D:5      | Noticed a +0 falchion
  5051 | D:5      | Noticed a +0 dagger
  5051 | D:5      | Noticed a +0 spear
  5052 | D:5      | Noticed a +0 dagger
  5052 | D:5      | Noticed a +0 falchion
  5054 | D:5      | Noticed a +0 short sword
  5162 | D:5      | Noticed Menkaure
  5164 | D:5      | XOM: cast spell 'Summon Small Mammal'
  5166 | D:5      | XOM: noise
  5170 | D:5      | Killed Menkaure
  5171 | D:5      | Reached skill level 8 in Long Blades
  5278 | D:5      | Found a hide-covered altar of Uskayaw.
  5292 | D:5      | XOM: 2-stop teleportation journey
  5297 | D:5      | Found a staircase to the Ecumenical Temple.
  5369 | D:5      | XOM: cast spell 'Metabolic Englaciation'
  5374 | D:5      | Reached XP level 8. HP: 70/70 MP: 7/7
  5377 | D:5      | XOM: fog
  5384 | D:5      | Reached skill level 5 in Armour
  5432 | D:5      | XOM: give mutations
  5432 | D:5      | Gained mutation: Your natural rate of healing is unusually
                  | fast. [Xom's grace]
  5432 | D:5      | Gained mutation: You are partially covered in iridescent
                  | scales. (AC +2) [Xom's grace]
  5432 | D:5      | Gained mutation: You are agile. (Dex +2) [Xom's grace]
  5432 | D:5      | Gained mutation: You passively map a small area around you.
                  | [Xom's grace]
  5476 | D:5      | XOM: cloud trail
  5657 | D:5      | Found a snail-covered altar of Cheibriados.
  5756 | D:5      | Identified the +1 chain mail of Gene {rCorr Str-3 Slay+3}
  5762 | D:5      | XOM: silly message
  5872 | D:5      | XOM: potion effect (invisibility)
  5876 | D:5      | Reached skill level 9 in Long Blades
  6115 | D:6      | Found a glowing golden altar of the Shining One.
  6159 | D:6      | XOM: confusion
  6161 | D:6      | XOM: torment (37/71 hp)
  6175 | D:6      | XOM: confusion
  6178 | D:6      | XOM: smoke on damage
  6179 | D:6      | XOM: confusion (+ monsters)
  6187 | D:6      | XOM: torment (15/71 hp)
  6439 | D:6      | Reached skill level 10 in Long Blades
  6483 | D:6      | Reached XP level 9. HP: 78/78 MP: 5/8
  6541 | D:6      | XOM: silly message
  6664 | D:6      | XOM: stat loss: -1 Dex (17/18)
  6716 | D:7      | Identified the +2 hat of Entitlement {Int+4}
  6796 | D:7      | Reached skill level 11 in Long Blades
  7022 | D:7      | Found Zelabrergh's Jewellery Emporium.
  7369 | D:7      | XOM: draining
  7649 | D:7      | Reached skill level 12 in Long Blades
  7709 | D:8      | Noticed Maurice
  7711 | D:8      | XOM: confusion
  7712 | D:8      | XOM: confuse monster(s)
  7719 | D:8      | Killed Maurice
  7763 | D:8      | Noticed Harold
  7778 | D:8      | Killed Harold
  7779 | D:8      | Reached XP level 10. HP: 31/90 MP: 9/9
  7888 | D:8      | XOM: divination: magic mapping
  7998 | D:8      | Found a runed translucent gate.
  7998 | D:8      | Found a runed translucent gate.
  7998 | D:8      | Found a runed translucent gate.
  8001 | D:8      | Noticed Gargoyl's ghost (novice GnAK)
  8005 | D:8      | Found a viscous altar of Jiyva.
  8037 | D:8      | Found an iron altar of Okawaru.
  8269 | D:8      | Noticed a two-headed ogre
  8276 | D:8      | Killed a two-headed ogre
  8277 | D:8      | Reached skill level 13 in Long Blades
  8783 | D:9      | Noticed a four-headed hydra
  8792 | D:9      | XOM: divination: magic mapping
  8806 | D:9      | Noticed a glowing shapeshifter
  8806 | D:9      | a five-headed hydra changed into a glowing shapeshifter
  8806 | D:9      | XOM: polymorph five-headed hydra -> glowing shapeshifter
  8807 | D:9      | Noticed a shock serpent
  8807 | D:9      | a glowing shapeshifter changed into a shock serpent
  9199 | D:9      | Noticed a lindwurm
  9221 | D:9      | XOM: 3-stop teleportation journey
  9268 | D:9      | Found a glowing silver altar of Zin.
  9268 | D:9      | Noticed an angel
  9360 | D:9      | Reached skill level 14 in Long Blades
  9491 | D:10     | Entered Level 10 of the Dungeon
  9491 | D:10     | Found a staircase to the Orcish Mines.
  9509 | D:10     | Noticed Psyche
  9512 | D:10     | XOM: summons friendly white imp
  9521 | D:10     | Killed Psyche
  9640 | D:10     | Reached XP level 11. HP: 97/97 MP: 10/10
  9773 | D:10     | Noticed Erolcha
  9783 | D:10     | Killed Erolcha
  9846 | D:10     | XOM: give mutations
  9846 | D:10     | Lost mutation: You are agile. (Dex +2) [Xom's mischief]
  9846 | D:10     | Lost mutation: Your natural rate of healing is unusually
                  | fast. [Xom's mischief]
  9846 | D:10     | Gained mutation: You sometimes lose the ability to read
                  | scrolls when taking damage. [Xom's mischief]
  9991 | D:10     | Found an ancient bone altar of Kikubaaqudgha.
 10130 | D:11     | Identified the +0 scale mail of Amorality {rElec rC+}
 10155 | D:11     | XOM: summons 1 hostile demon
 10254 | D:11     | Noticed a two-headed ogre
 10270 | D:11     | XOM: enchant monster (good)
 10504 | Orc:1    | Entered Level 1 of the Orcish Mines
 10589 | Orc:2    | Entered Level 2 of the Orcish Mines
 10589 | Orc:2    | Found Rutadiso's Armour Shoppe.
 10645 | Orc:2    | Noticed a two-headed ogre
 10647 | Orc:2    | Noticed an ogre mage
 10649 | Orc:2    | Noticed an ogre mage
 10650 | Orc:2    | Noticed a two-headed ogre
 10880 | Orc:1    | XOM: fog
 11018 | Orc:2    | Noticed a two-headed ogre
 11084 | Orc:1    | Noticed an orc knight
 11095 | Orc:1    | Reached skill level 15 in Long Blades
 11145 | Orc:1    | Killed an orc knight
 11352 | Orc:2    | Noticed a two-headed ogre
 11352 | Orc:2    | Noticed a two-headed ogre
 11353 | Orc:2    | Reached skill level 10 in Fighting
 11355 | Orc:2    | Paralysed by an ogre mage for 2 turns
 11549 | D:10     | XOM: cast spell 'Leda's Liquefaction'
 11559 | D:10     | a two-headed ogre changed into a merfolk
 11559 | D:10     | XOM: cast spell 'Chain of Chaos'
 11593 | D:10     | XOM: summons 4 friendly demons
 11738 | D:10     | XOM: god gift: phial of floods
 11815 | D:11     | Noticed a two-headed ogre
 11835 | D:11     | Killed a two-headed ogre
 11843 | D:11     | XOM: divination: detect creatures
 12073 | D:11     | Noticed a two-headed ogre
 12080 | D:11     | Killed a two-headed ogre
 12081 | D:11     | Reached skill level 10 in Armour
 12203 | D:11     | Found a staircase to the Lair.
 12259 | D:11     | Found a runed translucent door.
 12260 | D:11     | Noticed Gilette's ghost (journeyman GrFi)
 12351 | D:11     | Noticed a cyan ugly thing
 12362 | D:11     | Killed a cyan ugly thing
 12528 | D:11     | XOM: god gift: scroll labelled NUWOSY FOUDAIC {god gift}
 12562 | D:11     | XOM: god gift: 27 gold pieces
 12814 | D:12     | Noticed a two-headed ogre
 12816 | D:12     | XOM: summons 11 friendly demons
 12818 | D:12     | Killed a two-headed ogre
 12824 | D:12     | Reached skill level 16 in Long Blades
 13454 | D:12     | XOM: cleaving
 13477 | D:12     | XOM: torment (47/101 hp)
 13807 | D:12     | XOM: give mutations
 13807 | D:12     | Gained mutation: Armour fits poorly on your strangely
                  | shaped body. [Xom's mischief]
 13807 | D:12     | Gained mutation: You are agile. (Dex +2) [Xom's mischief]
 13840 | D:13     | XOM: summons 6 hostile demons
 13841 | D:13     | Noticed a sixfirhy
 13861 | D:13     | Noticed a centaur warrior
 13866 | D:13     | Killed a centaur warrior
 13884 | D:13     | Found a flagged portal.
 13893 | Bailey   | Entered a bailey
 14028 | Bailey   | XOM: 1-stop teleportation journey
 14042 | Bailey   | Identified the amulet of Dampuowk {Reflect MP+9 SH+5}
 14076 | Bailey   | XOM: stat loss: -1 Str (16/17)
 14122 | Bailey   | XOM: enchant monster (good)
 14125 | Bailey   | Reached XP level 12. HP: 108/108 MP: 11/11
 14371 | Bailey   | XOM: cleaving
 14460 | D:13     | Identified the +1 scale mail of Upyofot {rElec MP+9}
 14794 | D:13     | Identified the +6 falchion "Rysolar" {drain, Will+ Str+2}
 15068 | D:13     | XOM: god gift: staff of fire
 15120 | D:13     | XOM: cloud trail
 15312 | D:14     | XOM: god gift: +1 great sword of chaos
 15333 | D:14     | XOM: confuse monster(s)
 15468 | D:14     | XOM: noise
 15479 | D:14     | Cast into level 2 of the Abyss (a wizard)
 15479 | D:14     | Escaped the Abyss
 15479 | D:14     | XOM: revert banishment
 15570 | D:14     | Noticed a two-headed ogre
 15583 | D:14     | Killed a two-headed ogre
 15584 | D:14     | Reached skill level 17 in Long Blades
 15701 | D:14     | Noticed a centaur warrior
 15714 | D:14     | XOM: summons 12 friendly demons
 15715 | D:14     | Killed a centaur warrior
 15857 | D:14     | Found a gate to the Vaults.
 15857 | D:14     | Noticed an ironbound preserver
 15857 | D:14     | Noticed a seven-headed hydra
 15860 | D:14     | XOM: cast spell 'Shadow Creatures'
 15864 | D:14     | XOM: confuse monster(s)
 15916 | D:14     | Found Wygares's Book Emporium.
 16115 | D:14     | XOM: divination: detect creatures
 16153 | D:14     | XOM: confusion (+ monsters)
 16154 | D:14     | Noticed a tengu warrior
 16165 | D:14     | XOM: silly message
 16264 | D:14     | Killed a tengu warrior
 16345 | D:14     | XOM: 3-stop teleportation journey
 16442 | D:14     | XOM: potion effect (might)
 16446 | D:14     | Killed an ironbound preserver
 16583 | D:14     | Noticed a centaur warrior
 16591 | D:14     | Killed a centaur warrior
 16592 | D:14     | Reached skill level 18 in Long Blades
 16592 | D:14     | Reached skill level 1 in Evocations
 16707 | D:14     | Noticed a centaur warrior
 16710 | D:14     | Killed a centaur warrior
 16725 | D:14     | XOM: divination: detect creatures
 16820 | D:14     | Killed a ten-headed hydra
 16822 | D:14     | XOM: divination: magic mapping
 17267 | D:15     | Entered Level 15 of the Dungeon
 17378 | D:15     | XOM: potion effect (might)
 17382 | D:15     | Reached XP level 13. HP: 118/118 MP: 12/12
 17383 | D:15     | XOM: potion effect (invisibility)
 17444 | D:15     | Found a gate leading to a gauntlet.
 17476 | Gauntlet | Entered a Gauntlet
 17476 | Gauntlet | Found a transporter.
 17476 | Gauntlet | Found a transporter.
 17487 | Gauntlet | Found a transporter.
 17491 | Gauntlet | Found a transporter.
 17499 | Gauntlet | Found a transporter.
 17503 | Gauntlet | Found a transporter.
 17507 | Gauntlet | Found a runed translucent door.
 17507 | Gauntlet | Found a runed translucent door.
 17511 | Gauntlet | Found a transporter.
 17517 | Gauntlet | Noticed a fire dragon
 17517 | Gauntlet | a seven-headed hydra changed into a fire dragon
 17520 | Gauntlet | a fire dragon changed into a slime creature
 17529 | Gauntlet | Found a runed translucent door.
 17530 | Gauntlet | Found a transporter.
 17531 | Gauntlet | Found a runed translucent door.
 17547 | Gauntlet | Found a transporter.
 17551 | Gauntlet | Found a transporter.
 17563 | Gauntlet | Found a transporter.
 17564 | Gauntlet | Found a transporter.
 17742 | Gauntlet | XOM: god gift: box of beasts
 17775 | Gauntlet | Noticed an entropy weaver
 17791 | Gauntlet | XOM: swap monsters
 17791 | Gauntlet | Noticed an emperor scorpion
 17791 | Gauntlet | an entropy weaver changed into an emperor scorpion
 17815 | Gauntlet | Killed an emperor scorpion
 17821 | Gauntlet | Identified the ring "Yrpharin" {Fly rN+ MP-9 Int+3 Slay+2}
 18007 | Gauntlet | XOM: give mutations
 18007 | Gauntlet | Gained mutation: You are weak. (Str -2) [Xom's mischief]
 18007 | Gauntlet | Gained mutation: You are dopey. (Int -2) [Xom's mischief]
 18022 | Gauntlet | Identified the +9 halberd of Taacy {venom, rC+}
 18022 | Gauntlet | Identified the ring of Raliqivu {Contam Fly Str+6 Int-5
                  | SInv}
 18022 | Gauntlet | Noticed a minotaur
 18037 | Gauntlet | Demolished by a minotaur

Illustrated notes

Levels and vault maps discovered:
D:1:      tarquinn_simple_flora_water_f, layout_loops_ring
D:2:      layout_basic, basic_altar, hellmonk_ecumenical_altar_blasted,
          serial_shops, nicolae_shop_hallway_stairs
D:3:      kennysheep_goblin_castle, layout_rooms,
          nicolae_gozag_zags_fifth_avenue, corexii_shack, uniq_terence
D:4:      cheibrodos_pilgrimage, layout_loops_ring,
          nicolae_ashenzari_panopticon, mainiacjoe_overflow_catch_the_wave,
          nicolae_overflow_crystal_walls, kennysheep_cross_room, uniq_grinder,
          uniq_edmund, uniq_ijyb, uniq_duvessa
D:5:      layout_basic, mainiacjoe_overflow_tiny_flanked,
          nicolae_uskayaw_en_pointe, minmay_temple_entry_glassed_door,
          uniq_menkaure
D:6:      layout_cave_pools, nicolae_tso_besieged_by_evil
D:7:      layout_layer_cave, serial_shops, nicolae_shop_advertising_works
          [nicolae_subvault_shop_adworks], kennysheep_nub, patterned_corridor
D:8:      layout_basic, general_overflow_altar, gammafunk_ghost_ooze,
          uniq_harold, uniq_maurice
D:9:      wad_crossroads, layout_stronghold, zin_angel
D:10:     layout_big_octagon, kiku_gazebo_pond_becter, orc_0_dummy,
          kennysheep_generic_room_7, uniq_erolcha, uniq_psyche
D:11:     layout_roguey, lair_entry_dummy, gammafunk_ghost_grave
D:12:     layout_grid_maze
D:13:     layout_small_grid, enter_bailey_6
D:14:     layout_gridville, skrybe_vaults_entry_preservation,
          serial_bayou_pond_d, serial_shops, nicolae_shop_crystal,
          kennysheep_boxes
D:15:     grunt_enter_depths_giant_problem, layout_basic, gauntlet_entry_generic
Orc:1:    layout_diamond_mine
Orc:2:    st_orc_ogre_mass, layout_caves, serial_shops, shop
Gauntlet: minmay_gauntlet_77_indecision [minmay_gauntlet_arena_77_broken_ladder,
          minmay_gauntlet_arena_77_museum,
          minmay_gauntlet_arena_77_double_cross,
          minmay_gauntlet_arena_77_squiggly,
          minmay_gauntlet_arena_77_shame_cube, minmay_gauntlet_arena_77_cramped,
          dreamdust_gauntlet_exit_labyrinth]

Skill      XL: |  1  2  3  4  5  6  7  8  9 10 11 12 13 |
---------------+----------------------------------------+-----
Armour         | 1 2 3 4 6 7 9 10 11 12 | 12.2
Long Blades    | 4 5 6 8 10 12 14 16 18 | 18.5
Fighting       | 4 5 6 8 9 10 12 | 12.3
Dodging        | 4 5 6 7 8 9 |  9.6
Evocations     | 1 |  1.3
Stealth        | |  1.5
Shields        | |  0.8

Action                   |  1- 3 |  4- 6 |  7- 9 | 10-12 | 13-15 || total
-------------------------+-------+-------+-------+-------+-------++-------
Melee: Falchion          |    71 |   151 |    37 |       |       ||   259
       Headbutt          |    12 |    28 |    33 |   102 |    18 ||   193
       Great sword       |       |       |   162 |   444 |    63 ||   669
Evoke: Wand              |       |       |       |    14 |       ||    14
  Use: Potion            |     3 |       |     1 |     4 |     1 ||     9
       Scroll            |       |     1 |     1 |     3 |     4 ||     9
 Stab: Sleeping          |     5 |     7 |     5 |     6 |       ||    23
       Invisible         |       |       |     1 |       |     3 ||     4
       Confused          |       |       |     2 |     4 |     2 ||     8
       Paralysed         |       |       |     1 |       |       ||     1
       Distracted        |       |       |       |     2 |     1 ||     3
Armor: Robe              |    12 |    23 |     5 |       |       ||    40
       Leather armour    |       |       |    45 |   188 |    18 ||   251
Dodge: Dodged            |    37 |    94 |   140 |   449 |    61 ||   781
Block: Other             |       |       |       |    38 |     1 ||    39
       Reflection        |       |       |       |     3 |       ||     3

Table legend: (Time is in decaauts)
 A = Elapsed time spent in this place.
 B = Non-inter-level travel time spent in this place.
 C = Inter-level travel time spent in this place.
 D = Time resting spent in this place.
 E = Time spent auto-exploring this place.
 F = Levels seen in this place.
 G = Mean time per level.
                   A        B        C        D        E       F      G
               +--------+--------+--------+--------+--------+-----+--------+
         Total |  17969 |  17495 |    474 |      0 |  13994 |  20 |  898.5 |
       Dungeon |  15930 |  15525 |    405 |      0 |  12784 |  15 | 1062.0 |
  Orcish Mines |   1015 |    946 |     69 |      0 |    696 |   2 |  507.5 |
         Abyss |      0 |      0 |      0 |      0 |      0 |   1 |    0.0 |
        Bailey |    476 |    476 |      0 |      0 |    234 |   1 |  476.0 |
      Gauntlet |    548 |    548 |      0 |      0 |    280 |   1 |  548.0 |
               +--------+--------+--------+--------+--------+-----+--------+

Top non-repeatable levels by time:
     D:4: 2327 daAuts
    D:14: 2023 daAuts
    D:12: 1215 daAuts
     D:3: 1109 daAuts
     D:5: 1099 daAuts
     D:9: 1097 daAuts
    D:11: 1084 daAuts
    D:10: 1018 daAuts
     D:7: 1005 daAuts
   Orc:1: 943 daAuts
     D:1: 932 daAuts
    D:13: 887 daAuts
     D:2: 689 daAuts
     D:8: 681 daAuts
     D:6: 553 daAuts
